 Dungeon Crawl Stone Soup version 0.21-a0-509-gecc5317 (webtiles) character file.

17 Laiders the Cudgeler (level 2, 0/16 HPs)
             Began as a Vine Stalker Fighter on Nov 30, 2017.
             Slain by a hobgoblin
             ... wielding a +0 club
              (1 damage)
             ... on level 2 of the Dungeon.
             The game lasted 00:01:33 (817 turns).

Laiders the Cudgeler (Vine Stalker Fighter)          Turns: 817, Time: 00:01:33

Health: 0/16       AC:  6    Str: 23    XL:     2   Next: 62%
Magic:  0/3        EV:  9    Int:  8    God:
Gold:   27         SH:  0    Dex: 13    Spells: 1/1 levels left

rFire    . . .     SeeInvis .   k - +1 short sword (drain)
rCold    . . .     Gourm    .   (no shield)
rNeg     . . .     Faith    .   b - +0 scale mail
rPois    .         Spirit   +   (no helmet)
rElec    .         Reflect  .   (no cloak)
rCorr    .         Harm     .   (no gloves)
MR       .....                  (no boots)
Stlth    ..........             (no amulet)
HPRegen  0.05/turn              (no ring)
MPRegen  0.08/turn              (no ring)

@: mighty, drained
A: fangs 2, magic shield, antimagic bite, no potion heal 3, rot immunity
a: no special abilities


You were on level 2 of the Dungeon.
You were not hungry.

You visited 1 branch of the dungeon, and saw 2 of its levels.

You collected 27 gold pieces.

Inventory:

Hand Weapons
 a - a +0 flail
 k - a +1 short sword of draining (weapon)
Armour
 b - a +0 scale mail (worn)
 c - a +0 shield
Scrolls
 e - a scroll of random uselessness {unknown}
 i - a scroll of remove curse {unknown}
 l - a scroll of teleportation {unknown}
 n - a scroll of identify {unknown}
Potions
 g - a potion of invisibility {unknown}
 m - a potion of brilliance {unknown}
Comestibles
 f - a bread ration
 h - a fruit
 j - a meat ration


   Skills:
 - Level 2.6(1.6) Fighting
 + Level 2.8(1.8) Maces & Flails
 - Level 2.4(1.3) Armour
 - Level 2.6(1.6) Shields


You had one spell level left.
You didn't know any spells.

Dungeon Overview and Level Annotations

Branches:
Dungeon (2/15)

Altars:


Innate Abilities, Weirdness & Mutations

You have extremely sharp teeth.
When hurt, damage is shared between your health and your magic reserves.
Your bite disrupts and absorbs the magic of your enemies.
Potions cannot restore your health.
You are immune to rotting.


Message History

The jackal barely misses you.
The jackal bites you but does no damage.
The jackal closely misses you.
The jackal bites you but does no damage. x2
You feel very mighty all of a sudden. The jackal barely misses you.
The jackal bites you but does no damage.
The jackal bites you.
* * * LOW HITPOINT WARNING * * *
The jackal closely misses you. The jackal barely misses you.
The hobgoblin closely misses you. The jackal bites you.
* * * LOW HITPOINT WARNING * * *
The jackal closely misses you.
You closely miss the jackal. You bite the jackal. You drain its power.
You feel invigorated.
You kill the jackal!
The jackal bites you but does no damage.
The jackal barely misses you. x2; The jackal closely misses you.
The hobgoblin hits you with a club.
You die... ## ## ... ... .# .. .... .#.g ..## .#. ...##.. #....# #hSg# #.@.# #hhh#

#.<.#
....$..........
.....(####.####
...... .#
...(.. # .?....
.....


You could see 4 jackals, 2 hobgoblins and a ball python.

Vanquished Creatures
  A worm (D:2)
  3 giant cockroaches (D:1)
  A goblin (D:1)
  2 hobgoblins (D:1)
  A jackal (D:2)
  2 kobolds (D:1)
  A ball python (D:1)
  A frilled lizard (D:1)
  2 rats
14 creatures vanquished.

Notes
Turn   | Place    | Note
-------+----------+-------------------------------------------
     0 | D:1      | Laiders the Vine Stalker Fighter began the quest for the Orb.
     0 | D:1      | Reached XP level 1. HP: 11/11 MP: 2/2
   196 | D:1      | Reached XP level 2. HP: 16/16 MP: 3/3
   817 | D:2      | Slain by a hobgoblin

Vault maps used:
D:1:      kennysheep_arrival_forest
D:2:      nicolae_overflow_crystal_walls, zin_academy, first_bread,
          ashenzari_altar_1

Skill      XL: |  1 |
---------------+----+-----
Maces & Flails | 2 |  2.8
Fighting       | |  2.6
Armour         | |  2.4
Shields        | |  2.6

Action                   || total
-------------------------++-------
Melee: Flail             ||    29
       Bite              ||    10
       Short sword       ||     7
  Use: Potion            ||     1
Armor: Scale mail        ||    27
Dodge: Dodged            ||    26

Table legend:
 A = Spawn XP
 B = Non-spawn XP
 C = Spawn XP percentage of total XP
 D = Spawn monster count
 E = Non-spawn monster count
 F = Spawn count percentage of total count
 G = Total turns spent on level
                    A         B        C        D         E        F      G
               +---------+---------+-------+---------+---------+-------+---------
         Total |       0 |      25 |   0.0 |       0 |      14 |   0.0 |   817
               +---------+---------+-------+---------+---------+-------+---------
           D:1 |       0 |      18 |   0.0 |       0 |      11 |   0.0 |   807
           D:2 |       0 |       7 |   0.0 |       0 |       3 |   0.0 |    10
               +---------+---------+-------+---------+---------+-------+---------
